Map: Ascension to Aiur LE

Players

Juxtapose - Winner!

  • Race: Terran Terran
  • League: Gold
  • Spawn Location: 5:00

MagickcigaM

  • Race: Protoss Protoss
  • League: Gold
  • Spawn Location: 11:00

VOD

https://youtu.be/4aVuFmdQ3-I

Description

In this match I continue weaning myself off the All Army key, and I do a better job of it than last game (I also didn't attack any of my own structures this time). While I do still use said All Army key later on, it's much less than the last game.

I'm also really enjoying the effectiveness of early Cyclones and how quickly they can punch through wall-ins.

Time

  • Played on: Sept. 3, 2017, 6:59 p.m.
  • Length: 7:36
Show
View Real Time Build Order
Export as new Build Order

Juxtapose Terran - Winner!

Build Orders: MMM Bio 

Get SALT Encoding   

  12  0:01  SCV  
  13  0:13  SCV  
  14  0:20  Supply Depot  
  14  0:25  SCV  
  15  0:41  SCV  
  16  0:43  Barracks  
  16  0:48  Supply Depot  
  16  0:53  SCV  
  17  1:06  SCV  
  17  1:07  Refinery  
  18  1:18  SCV  
  19  1:27  Refinery  
  19  1:30  Supply Depot  
  19  1:33  Orbital Command  
  19  1:36  Marine  
  20  1:56  Marine  
  21  2:05  SCV  
  22  2:16  Supply Depot  
  22  2:17  SCV  
  22  2:20  Barracks  
  23  2:28  Barracks Reactor  
  23  2:29  SCV  
  24  2:38  Factory  
  24  2:41  SCV, Supply Depot  
  25  2:53  SCV  
  26  2:58  Engineering Bay  
  26  3:06  SCV, Marine x2  
  26  3:09  Barracks Tech Lab  
  29  3:22  Factory Reactor  
  29  3:24  Marine x2  
  29  3:26  Terran Infantry Weapons Level 1  
  31  3:28  Stimpack  
  31  3:46  Command Center  
  31  3:51  Marine x2  
  35  4:02  Marauder  
  35  4:09  Marine x2  
  37  4:24  Marauder  
  37  4:31  Marine x2  
  37  4:33  Cyclone x2  
  46  4:45  Marauder  
  46  5:02  Marine  
  46  5:03  Marine  
  46  5:05  Cyclone  
  46  5:06  Marine, Cyclone  
  55  5:19  Supply Depot  
  55  5:20  Terran Infantry Armor Level 1  
  55  5:27  Marauder, Marine x2  
  59  5:29  Combat Shields  
  59  5:42  Supply Depot, Orbital Command  
  59  5:44  SCV  
  60  5:53  Missile Turret  
  60  5:56  SCV  
  60  6:05  Marine x3  
  63  6:13  Missile Turret  
  63  6:23  Marine x2  
  63  6:24  Marauder  
  57  6:33  Cyclone  
  58  6:41  Marine x2  
  58  6:45  Marauder  
  61  6:49  Cyclone  
  61  6:54  SCV  
  65  6:58  Marine x2  
  67  7:06  SCV, Marine  
  69  7:08  Starport  
  69  7:16  Marine x2  
Show
View Real Time Build Order
Export as new Build Order

MagickcigaM Protoss 

Build Orders:  

Get SALT Encoding   

  12  0:01  Probe (Chrono Boost)  
  13  0:13  Probe (Chrono Boost)  
  14  0:19  Pylon  
  14  0:24  Probe (Chrono Boost)  
  15  0:37  Probe (Chrono Boost)  
  16  0:45  Gateway  
  16  0:52  Gateway  
  16  0:53  Probe (Chrono Boost)  
  16  0:56  Assimilator  
  17  1:06  Gateway  
  17  1:09  Probe (Chrono Boost)  
  18  1:21  Forge  
  18  1:27  Probe (Chrono Boost)  
  19  1:38  Probe (Chrono Boost)  
  20  1:48  Pylon  
  20  1:55  Cybernetics Core  
  20  2:00  Probe (Chrono Boost)  
  21  2:07  Zealot  
  23  2:11  Probe (Chrono Boost)  
  23  2:15  Assimilator  
  24  2:22  Probe (Chrono Boost)  
  25  2:33  Probe (Chrono Boost), Warp Gate (Chrono Boost)  
  25  2:34  Stalker  
  25  2:37  Stalker  
  30  2:47  Probe (Chrono Boost)  
  31  2:59  Nexus  
  31  3:08  Pylon  
  31  3:23  Pylon  
  31  3:26  Probe (Chrono Boost)  
  31  3:27  Pylon  
  32  3:37  Probe  
  33  3:43  Twilight Council  
  33  3:49  Probe  
  33  3:51  Gateway  
  34  4:04  Protoss Ground Weapons Level 1 (Chrono Boost)  
  32  4:48  Probe  
  32  4:49  Probe  
  34  4:54  Sentry x2  
  34  4:56  Resonating Glaives (Chrono Boost)  
  38  5:00  Adept  
  38  5:06  Gateway x2  
  40  5:08  Gateway  
  40  5:19  Probe, Robotics Facility  
  40  5:21  Forge  
  42  5:23  Mothership Core  
  42  5:27  Stalker x3  
  49  5:50  Adept  
  49  5:51  Adept  
  49  5:52  Adept  
  53  6:15  Adept  
  53  6:16  Adept x2  
  37  6:38  Adept  
  37  6:39  Adept x5  
  47  6:46  Adept x4  
  41  7:00  Gateway  
  41  7:02  Gateway  
  41  7:05  Gateway  
  41  7:09  Zealot x3  
  41  7:10  Zealot  
Tags
 
Composition
MMM Bio
League
GoldGold
Matchup
PvT
Spawn Locations
Cross Positions
Add a new tag
Caveats
  • Supply blocks, unpowered buildings, or Contaminate may cause inaccurate times.
  • Supply counts are checked every 10 seconds.